AoeStats
← Gjallarhorn

Nomad

503609873Analyzed
1v1 RM · 1mo ago on Sep 1, 2026· 26m 38s· 2 players
Game mode
Random Map
Map size
126×126
Population
200
Speed
Normal
Resources
Standard
Victory
Conquest
Starting age
Dark Age
Ending age
Imperial Age
RankedLock teamsTeams togetherTeam positionsShared explorationLock speedFull tech treeHidden civsTurbo modeCheats
Victory
Defeat
🇩🇪 Vikings · Germany
748
+14
🇩🇪 Britons · Germany
708
-14
songdog
12:50 Loom
15:02 Feudal Age
15:45 Man-at-Arms
19:15 Double-Bit Axe
28:50 Castle Age
Gjallarhorn
6:30 Loom
14:47 Feudal Age
16:59 Town Watch
17:11 Double-Bit Axe
21:16 Fletching
26:18 Castle Age
24:43 Horse Collar
24:52 Arson
26:31 Scale Mail Armor
26:41 Forging
26:32 Padded Archer Armor
26:37 Pikeman
Connection lost

Rejoining the realm…

Still unreachable

The connection could not be restored.

Session expired

The server has moved on; the page needs a fresh start.